 Dungeon Crawl Stone Soup version 0.27-a0-1442-g87b6fcb595 (webtiles) character file.

Game seed: 15830878123005029882

78 avis the Insei (level 4, 0/33 HPs)
             Began as a Merfolk Transmuter on July 4, 2021.
             Succumbed to a water moccasin's poison
             ... on level 3 of the Dungeon.
             The game lasted 00:11:23 (3486 turns).

avis the Insei (Merfolk Transmuter)                 Turns: 3486, Time: 00:11:24

Health: 0/33       AC:  2    Str: 10    XL:     4   Next: 36%
Magic:  7/7        EV: 13    Int: 12    God:
Gold:   60         SH:  0    Dex: 15    Spells: 3/7 levels left

rFire    . . .     SeeInvis .     - Unarmed
rCold    . . .     Faith    .   (no shield)
rNeg     . . .     Spirit   .   a - +0 robe
rPois    .         Reflect  .   (helmet currently unavailable)
rElec    .         Harm     .   (no cloak)
rCorr    .         Rampage  .   (no gloves)
Will     .....                  (boots currently unavailable)
Stlth    +.........             (no amulet)
HPRegen  0.11/turn              (no ring)
MPRegen  0.10/turn              (no ring)

@: lethally poisoned (0 -> -9), appendages (expiring), hasted, very quick
A: horns 2, (nimble swimmer 2), mertail
a: End Transformation


You were on level 3 of the Dungeon.
You had temporarily grown beastly horns.
You visited 1 branch of the dungeon, and saw 3 of its levels.

You collected 60 gold pieces.

Inventory:

Missiles
 c - 12 bolts
 d - 26 stones
 r - 22 arrows
Armour
 a - a +0 robe (worn)
 i - a +0 kite shield
 j - a +0 leather armour
Wands
 l - a wand of iceblast (10)
Scrolls
 b - 2 scrolls of blinking {unknown}
 g - a scroll of fear {unknown}
 h - a scroll of holy word {unknown}
 o - 2 scrolls of identify {unknown}
 p - 2 scrolls of magic mapping {unknown}
 q - a scroll of silence {unknown}
Potions
 e - a potion of heal wounds {unknown}
 f - a potion of lignification {unknown}
 k - a potion of degeneration {unknown}
 m - a potion of might {unknown}
 n - a potion of haste


   Skills:
 * Level 1.7 Fighting
 - Level 3.0 Dodging
 + Level 0.0 Stealth
 - Level 5.0 Unarmed Combat
 - Level 2.0 Spellcasting
 - Level 3.0 Transmutations
 - Level 1.0 Poison Magic


You had 3 spell levels left.
You knew the following spells:

 Your Spells              Type           Power      Damage    Failure   Level
a - Beastly Appendage     Tmut           16%        N/A       8%          1
p - Spider Form           Tmut/Pois      3%         N/A       34%         3

Your spell library contained the following spells:

 Spells                   Type           Power      Damage    Failure   Level
 Wereblood                Tmut           8%         N/A       12%         2
 Magic Dart               Conj           4%         1d3       26%         1
 Call Imp                 Summ           1%         N/A       38%         2
 Mephitic Cloud           Conj/Pois/Air  1%         N/A       58%         3
 Ice Form                 Ice/Tmut       4%         N/A       82%         4


Dungeon Overview and Level Annotations

Branches:
Dungeon (3/15)

Altars:
Hepliaklqana


Innate Abilities, Weirdness & Mutations

You have temporarily grown beastly horns.
((You are quick and stealthy near water. (Stealth+, EV+, Speed+++)))
Your lower body shifts to a powerful aquatic tail in water.


Message History

A water moccasin comes into view.
Casting: Beastly Appendage (safe; 8% risk of failure)
Confirm with . or Enter, or press ? or * to list all spells.
You grow a pair of large bovine horns.
The water moccasin hisses angrily.
The water moccasin closely misses you.
You closely miss the water moccasin. The water moccasin closely misses you.
You barely miss the water moccasin. The water moccasin barely misses you.
The water moccasin bites you.
You are poisoned.
The water moccasin poisons you!
You barely miss the water moccasin.
Your headbutt misses the water moccasin.
You feel very sick.
The water moccasin bites you but does no damage.
You hit the water moccasin.
The water moccasin is lightly wounded.
You feel very sick. The water moccasin bites you.
You are lethally poisoned!
The water moccasin poisons you!
You hit the water moccasin.
The water moccasin is moderately wounded.
You feel very sick.
The water moccasin barely misses you. x2
You barely miss the water moccasin.
The water moccasin is moderately wounded.
Your transformation is almost over.
You feel very sick. The water moccasin closely misses you.
* * * LOW HITPOINT WARNING * * *
You feel very sick.
Unknown command.
* * * LOW HITPOINT WARNING * * *
You feel very sick. The water moccasin barely misses you.
* * * LOW HITPOINT WARNING * * *
You feel sick.
It was a potion of haste.
You feel yourself speed up.
You die...

#........#
#........#
#.......##
##.....##
##....#
####.# #.#
#.# #@#
#S#
#.####.#
#......#
########


You could see a water moccasin.

Vanquished Creatures
  2 adders
  5 dart slugs
  An orc (D:3)
  2 endoplasms
  2 giant cockroaches
  6 goblins
  4 hobgoblins
  3 jackals
  A quokka (D:2)
  4 ball pythons
  7 bats
  2 frilled lizards
  6 kobolds
  4 rats (D:1)
49 creatures vanquished.

Notes
Turn   | Place    | Note
-------+----------+-------------------------------------------
     0 | D:1      | avis the Merfolk Transmuter began the quest for the Orb.
     0 | D:1      | Reached XP level 1. HP: 15/15 MP: 3/3
   115 | D:1      | Reached XP level 2. HP: 19/21 MP: 3/5
   376 | D:1      | Reached skill level 4 in Unarmed Combat
   487 | D:1      | Found a faded altar of an unknown god.
  1149 | D:1      | Reached XP level 3. HP: 26/26 MP: 4/6
  1474 | D:1      | Learned a level 3 spell: Spider Form
  1951 | D:2      | Reached skill level 1 in Poison Magic
  2302 | D:2      | Found a hazy altar of Hepliaklqana.
  2896 | D:3      | Reached XP level 4. HP: 24/32 MP: 7/7
  3009 | D:3      | Reached skill level 5 in Unarmed Combat
  3474 | D:3      | Noticed a water moccasin
  3486 | D:3      | Succumbed to a water moccasin's poison

Illustrated notes

Levels and vault maps discovered:
D:1:      wheals_arrival_linesprint, layout_basic, basic_ecumenical_altar,
          solitary_fountain, minmay_pentomino_o4
D:2:      layout_loops_ring, basic_altar
D:3:      layout_loops_ring, minmay_misc_feat_columns

Skill      XL: |  1  2  3  4 |
---------------+-------------+-----
Unarmed Combat | 4 5 |  5.0
Transmutations | 3 |  3.0
Poison Magic   | 1 |  1.0
Dodging        | 3 |  3.0
Fighting       | |  1.7
Spellcasting   | |  2.0

Action                   |  1- 3 |  4- 6 || total
-------------------------+-------+-------++-------
Melee: Unarmed           |   110 |    21 ||   131
       Headbutt          |    12 |       ||    12
 Cast: Beastly Appendage |    32 |     6 ||    38
       Spider Form       |     2 |     1 ||     3
  Use: Potion            |       |     1 ||     1
Armor: Robe              |    21 |     2 ||    23
Dodge: Dodged            |    69 |    18 ||    87

Table legend: (Time is in decaauts)
 A = Elapsed time spent in this place.
 B = Non-inter-level travel time spent in this place.
 C = Inter-level travel time spent in this place.
 D = Time resting spent in this place.
 E = Time spent auto-exploring this place.
 F = Levels seen in this place.
 G = Mean time per level.
                   A        B        C        D        E       F      G
               +--------+--------+--------+--------+--------+-----+--------+
         Total |   3479 |   3241 |    238 |    879 |   1902 |   3 | 1159.7 |
       Dungeon |   3479 |   3241 |    238 |    879 |   1902 |   3 | 1159.7 |
               +--------+--------+--------+--------+--------+-----+--------+

Top non-repeatable levels by time:
     D:1: 1574 daAuts
     D:2: 1223 daAuts
     D:3: 680 daAuts
